 Dungeon Crawl Stone Soup version 0.26.1-11-gd32895ea62 (webtiles) character file.

Game seed: 12861514697871032934

72 ubername the Chopper (level 4, 0/41 HPs)
             Began as a Gnoll Wanderer on May 8, 2021.
             Succumbed to an orc's poison
             ... on level 2 of the Dungeon.
             The game lasted 00:04:35 (1780 turns).

ubername the Chopper (Gnoll Wanderer)               Turns: 1780, Time: 00:04:36

Health: 0/41       AC:  8    Str: 14    XL:     4   Next: 26%
Magic:  5/5        EV:  6    Int: 17    God:
Gold:   53         SH:  0    Dex: 13    Spells: 5/5 levels left

rFire    + . .     SeeInvis .   g - +3 dagger
rCold    x . .     Faith    .   (no shield)
rNeg     . . .     Spirit   .   a - +0 chain mail (curse)
rPois    .         Reflect  .   (no helmet)
rElec    .         Harm     .   (no cloak)
rCorr    .         Rampage  .   (no gloves)
Will     .....                  (no boots)
Stlth    ..........             (no amulet)
HPRegen  0.13/turn              k - ring of fire
MPRegen  0.09/turn              (no ring)

@: mighty, lethally poisoned (0 -> -5)
A: distributed training, fangs 1, strong nose
a: no special abilities


You were on level 2 of the Dungeon.
You visited 1 branch of the dungeon, and saw 2 of its levels.

You collected 53 gold pieces.

Inventory:

Hand Weapons
 c - a +0 hand axe
 g - a +3 dagger (weapon)
 j - a cursed -1 club
 p - a +0 long sword
Missiles
 h - 41 stones (quivered)
Armour
 a - a cursed +0 chain mail (worn)
 e - a +0 robe
 m - a +0 ring mail
 q - a +0 leather armour
Jewellery
 k - a ring of fire (left hand)
Scrolls
 l - a scroll of identify
Potions
 o - a potion of heal wounds {unknown}


   Skills:
 + Level 6.6 Fighting
 + Level 1.1 Short Blades
 + Level 1.1 Long Blades
 + Level 6.6 Axes
 + Level 1.1 Maces & Flails
 + Level 1.1 Polearms
 + Level 2.7 Staves
 + Level 1.1 Slings
 + Level 1.1 Bows
 + Level 1.1 Crossbows
 + Level 4.6 Throwing
 + Level 1.1 Armour
 + Level 1.1 Dodging
 + Level 2.5 Stealth
 + Level 1.1 Shields
 + Level 1.1 Unarmed Combat
 + Level 1.1 Spellcasting
 + Level 0.8 Conjurations
 + Level 0.8 Hexes
 + Level 0.8 Summonings
 + Level 0.8 Necromancy
 + Level 0.8 Translocations
 + Level 0.8 Transmutations
 + Level 0.8 Fire Magic
 + Level 0.8 Ice Magic
 + Level 0.8 Air Magic
 + Level 0.8 Earth Magic
 + Level 0.8 Poison Magic
 + Level 1.2 Invocations
 + Level 1.1 Evocations


You had 5 spell levels left.
You didn't know any spells.
Your spell library was empty.

Dungeon Overview and Level Annotations

Branches:
Dungeon (2/15)

Altars:


Innate Abilities, Weirdness & Mutations

Your experience applies equally to all skills.
You have very sharp teeth.
Your uncanny sense of smell can sniff out nearby items.


Message History

The orc is heavily wounded.
The frilled lizard bites you.
* * * LOW HITPOINT WARNING * * *
The orc barely misses you.
You hit the orc.
The orc is almost dead.
* * * LOW HITPOINT WARNING * * *
You feel sick.
The frilled lizard bites you but does no damage.
The orc hits you but does no damage.
You hit the orc.
You kill the orc!
* * * LOW HITPOINT WARNING * * *
You feel sick. The frilled lizard closely misses you.
It was a potion of might.
You feel very mighty all of a sudden.
The frilled lizard bites you but does no damage.
You puncture the frilled lizard!
You kill the frilled lizard!
You die...

.............#...................
..........####............##..##.
.##.......................##.....
#.............................
............................#
?........##.............#
.........##.........#.#.#
.......((##.............#
.......†@†(.........#)..#
........(..........)÷÷...
..................#####..
.........................
................#...#....
................#.....#..
................#.#.#....
...............#........
...............#..#..##.


There were no monsters in sight!

Vanquished Creatures
  An orc wizard (D:2)
  A gnoll (D:1)
  An ooze (D:2)
  2 dart slugs (D:1)
  A leopard gecko (D:2)
  4 orcs (D:2)
  A ball python (D:2)
  3 hobgoblins
  4 bats
  A frilled lizard (D:2)
  3 kobolds
  2 rats (D:2)
24 creatures vanquished.

Notes
Turn   | Place    | Note
-------+----------+-------------------------------------------
     0 | D:1      | ubername the Gnoll Wanderer began the quest for the Orb.
     0 | D:1      | ubername set off with the following items: a +2 dagger, a
                  | potion of berserk rage, a +0 hand axe, a potion of curing,
                  | a +0 robe
     0 | D:1      | Reached XP level 1. HP: 23/23 MP: 1/1
   450 | D:1      | Reached XP level 2. HP: 23/29 MP: 2/2
  1180 | D:2      | Reached XP level 3. HP: 35/35 MP: 3/3
  1338 | D:2      | Reached skill level 1 in Short Blades
  1338 | D:2      | Reached skill level 1 in Long Blades
  1338 | D:2      | Reached skill level 1 in Maces & Flails
  1338 | D:2      | Reached skill level 1 in Polearms
  1338 | D:2      | Reached skill level 1 in Slings
  1338 | D:2      | Reached skill level 1 in Bows
  1338 | D:2      | Reached skill level 1 in Crossbows
  1338 | D:2      | Reached skill level 1 in Armour
  1338 | D:2      | Reached skill level 1 in Dodging
  1338 | D:2      | Reached skill level 1 in Shields
  1338 | D:2      | Reached skill level 1 in Unarmed Combat
  1338 | D:2      | Reached skill level 1 in Spellcasting
  1338 | D:2      | Reached skill level 1 in Invocations
  1338 | D:2      | Reached skill level 1 in Evocations
  1338 | D:2      | Reached XP level 4. HP: 21/41 MP: 3/5
  1777 | D:2      | HP: 2/41 [poisoned by an orc]
  1780 | D:2      | Succumbed to an orc's poison

Illustrated notes

Levels and vault maps discovered:
D:1:      lightli_arrival_farm, layout_loops_ring, minivault_26
D:2:      layout_basic, hangedman_decor_lopped

Skill      XL: |  1  2  3 |
---------------+----------+-----
Short Blades   | 1 |  1.1
Long Blades    | 1 |  1.1
Maces & Flails | 1 |  1.1
Polearms       | 1 |  1.1
Slings         | 1 |  1.1
Bows           | 1 |  1.1
Crossbows      | 1 |  1.1
Armour         | 1 |  1.1
Dodging        | 1 |  1.1
Shields        | 1 |  1.1
Unarmed Combat | 1 |  1.1
Spellcasting   | 1 |  1.1
Invocations    | 1 |  1.2
Evocations     | 1 |  1.1
Fighting       | |  6.6
Axes           | |  6.6
Staves         | |  2.7
Throwing       | |  4.6
Stealth        | |  2.5
Conjurations   | |  0.8
Hexes          | |  0.8
Summonings     | |  0.8
Necromancy     | |  0.8
Translocations | |  0.8
Transmutations | |  0.8
Fire Magic     | |  0.8
Ice Magic      | |  0.8
Air Magic      | |  0.8
Earth Magic    | |  0.8
Poison Magic   | |  0.8

Action                   |  1- 3 |  4- 6 || total
-------------------------+-------+-------++-------
Melee: Dagger            |    38 |    32 ||    70
       Hand axe          |     3 |       ||     3
       Bite              |     5 |     2 ||     7
Throw: Stone             |    35 |       ||    35
  Use: Scroll            |     3 |     4 ||     7
       Potion            |     1 |     2 ||     3
Armor: Robe              |     2 |       ||     2
       Leather armour    |    14 |     6 ||    20
       Chain mail        |       |    20 ||    20
Dodge: Dodged            |    46 |    18 ||    64
